 Dungeon Crawl Stone Soup version 0.18-a0-801-gb01a236 (webtiles) character file.

4222 JokEr the Fighter (level 10, -6/74 HPs)
             Began as an Octopode Fighter on Dec 14, 2015.
             Killed by divine providence
             ... invoked by an orc priest
              (11 damage)
             ... on level 8 of the Dungeon.
             The game lasted 00:22:13 (8969 turns).

JokEr the Fighter (Octopode Fighter)                Turns: 8969, Time: 00:22:13

Health: -6/74      AC:  1    Str: 22    XL:     10   Next: 30%
Magic:  10/10      EV: 18    Int: 11    God:
Gold:   231        SH:  0    Dex: 11    Spells: 0 memorised, 9 levels left

rFire  . . .     SeeInvis .     E - +2 battleaxe
rCold  . . .     Clarity  .     (shield currently unavailable)
rNeg   + . .     SustAt   .     (helmet restricted)
rPois  .         Gourm    .     F - amulet of rage
rElec  .         Spirit   .     t - +3 ring of evasion
rCorr  .         Dismiss  .     l - +3 ring of strength
rMut   .         Stasis   .     y - ring of positive energy
MR     +....                    I - ring of protection from magic
Stlth  ++........               (no ring)
                                (no ring)
                                (no ring)
                                (no ring)

@: very slightly contaminated, somewhat resistant to hostile enchantments,
unstealthy
A: almost no armour, amphibious, 8 rings, constrict 8, camouflage 1, gelatinous
body 1
a: Evoke Berserk Rage


You were on level 8 of the Dungeon.
You were not hungry.

You visited 2 branches of the dungeon, and saw 9 of its levels.

You collected 411 gold pieces.
You spent 180 gold pieces at shops.

Inventory:

Hand Weapons
 x - a +2 war axe of chopping
 E - a +2 battleaxe (weapon)
Armour
 b - a +1 shield
Jewellery
 l - a +3 ring of strength (right tentacle)
 t - a +3 ring of evasion (left tentacle)
 y - a ring of positive energy (on tentacle)
 F - an amulet of rage (around mantle)
 I - a ring of protection from magic (on tentacle)
Wands
 n - a wand of flame (26)
 o - a wand of slowing (25)
 v - a wand of confusion (28)
Scrolls
 a - a scroll of fear
 f - 8 scrolls of remove curse
 r - 3 scrolls of fog
 s - a scroll of identify
 u - 2 scrolls of teleportation
 C - 2 scrolls of enchant armour
 D - 2 scrolls of silence
 K - 2 scrolls of enchant weapon
 L - a scroll of magic mapping {unknown}
Potions
 c - a potion of might
 e - a potion of lignification {unknown}
 g - a potion of invisibility {unknown}
 j - a potion of cure mutation {unknown}
 m - a potion of poison {unknown}
 p - 2 potions of cancellation {unknown}
 q - a potion of brilliance {unknown}
 w - a potion of magic {unknown}
 G - a potion of agility {unknown}
 H - a potion of resistance {unknown}
 J - a potion of heal wounds {unknown}
Comestibles
 d - 2 bread rations
 h - 2 royal jellies
 i - 2 beef jerkies
 z - 3 fruits
 B - 3 meat rations


   Skills:
 + Level 9.2 Fighting
 + Level 8.6 Axes
 - Level 7.0 Dodging
 + Level 6.3 Shields


You had 9 spell levels left.
You didn't know any spells.

Dungeon Overview and Level Annotations

Branches:
Dungeon (8/15)             Temple (1/1) D:4            Lair (0/8) D:8

Altars:
Ashenzari
Cheibriados
Elyvilon
Fedhas
Gozag
Nemelex Xobeh
Pakellas
Qazlal
Sif Muna
Trog
Xom
Yredelemnul
Zin
The Shining One

Shops:
D:6 *


Innate Abilities, Weirdness & Mutations

You cannot wear most types of armour.
You are amphibious.
You can wear up to eight rings at the same time.
You can use your tentacles to constrict eight enemies at once.
Your skin changes colour to match your surroundings (Stealth).
Your rubbery body absorbs attacks (AC +1).


Message History

The warg bites you.
* * * LOW HITPOINT WARNING * * *
The warg misses you.
You closely miss the warg. You squeeze the warg, but do no damage.
The warg is heavily wounded.
The warg bites you!
* * * LOW HITPOINT WARNING * * *
You miss the warg.
The warg is heavily wounded.
The warg closely misses you. The warg bites you.
* * * LOW HITPOINT WARNING * * *
Read which item? (? for menu, Esc to quit)
Blink to where?
Press: ? - help, Dir - move target cursor You are very lightly contaminated with residual magic.
As you read the scroll of blinking, it crumbles to dust.
Found a bread ration.
Found a staircase to the Lair.
The orc priest calls down the wrath of Beogh upon you.
Something smites you!
You die...

####.#.# #......
###.....###
##.........##
##...P.......##
......%.......#
.......>.......
...P...@.......
.#...........#.
##.........##
###.....#####
............
..........oh.#
........!.o..#
............<#######
.............)ยง....#


You could see a warg, an orc priest and an orc.

Vanquished Creatures
  The ghost of JokEr the Chopper, a novice OpFi (D:5)
  2 wargs (D:8)
  Menkaure (D:4)
  2 hippogriffs (D:7)
  A necrophage (D:6)
  2 orc warriors (D:6)
  3 ice beasts
  A wasp (D:7)
  7 ogres
  2 centaurs
  2 phantoms (D:4)
  3 giant frogs
  2 scorpions
  A wyvern skeleton (D:7)
  6 crimson imps
  4 wights (D:7)
  A jelly (D:7)
  2 centaur skeletons
  2 gnoll shamans (D:6)
  An iguana (D:8)
  3 orc priests
  A giant frog skeleton (D:5)
  7 worker ants
  2 hounds
  6 orc wizards
  A hound zombie (D:6)
  A hound skeleton (D:4)
  A worker ant zombie (D:8)
  7 gnolls
  10 adders
  2 shadow imps
  6 oozes
  An adder zombie (D:6)
  2 adder skeletons (D:6)
  4 worms
  2 giant geckos
  22 orcs
  3 ball pythons
  5 giant cockroaches
  8 goblins
  4 hobgoblins
  8 jackals
  7 kobolds
  A quokka (D:6)
  5 bats
  A giant cockroach zombie (D:5)
  A giant gecko skeleton (D:4)
  5 giant newts
  2 jackal skeletons (D:6)
  A quokka skeleton (D:5)
  7 rats
182 creatures vanquished.

Vanquished Creatures (others)
  A scorpion (D:6)
  A worker ant (D:6)
  An iguana (D:6)
  An adder (D:6)
4 creatures vanquished.

Grand Total: 186 creatures vanquished

Notes
Turn   | Place    | Note
--------------------------------------------------------------
     0 | D:1      | JokEr the Octopode Fighter began the quest for the Orb.
     0 | D:1      | Reached XP level 1. HP: 16/16 MP: 1/1
   343 | D:1      | Reached XP level 2. HP: 13/21 MP: 2/2
   886 | D:1      | Reached XP level 3. HP: 22/26 MP: 3/3
  1305 | D:2      | Reached XP level 4. HP: 14/33 MP: 4/4
  1617 | D:2      | Reached skill level 4 in Fighting
  1727 | D:2      | Found a faded altar to an unknown god.
  1786 | D:2      | Reached XP level 5. HP: 12/37 MP: 5/5
  3208 | D:3      | Found a bloodstained altar of Trog.
  3446 | D:4      | Noticed an ogre
  3455 | D:4      | Killed an ogre
  3455 | D:4      | Reached XP level 6. HP: 20/45 MP: 6/6
  3680 | D:4      | Found an oddly glowing altar of Pakellas.
  3730 | D:4      | Found a stormy altar of Qazlal.
  3803 | D:4      | Reached skill level 5 in Fighting
  3803 | D:4      | Reached skill level 5 in Dodging
  3929 | D:4      | Reached XP level 7. HP: 50/50 MP: 7/7
  3996 | D:4      | Found a staircase to the Ecumenical Temple.
  4002 | Temple   | Entered the Ecumenical Temple
  4341 | D:4      | Noticed Menkaure
  4348 | D:4      | Killed Menkaure
  4466 | D:4      | Found a stormy altar of Qazlal.
  4509 | D:4      | Reached skill level 5 in Axes
  4728 | D:4      | Reached XP level 8. HP: 53/57 MP: 8/8
  4861 | D:5      | Entered Level 5 of the Dungeon
  4928 | D:5      | Reached skill level 6 in Fighting
  4998 | D:5      | Found a glowing golden altar of the Shining One.
  5131 | D:5      | Noticed JokEr's ghost (novice OpFi)
  5140 | D:5      | Killed JokEr's ghost
  5428 | D:5      | Reached skill level 7 in Fighting
  5910 | D:5      | Found an opulent altar of Gozag.
  5911 | D:5      | Found a sparkling altar of Nemelex Xobeh.
  6021 | D:6      | Found Pataxocsu's General Store.
  6030 | D:6      | Bought a scroll of fog for 24 gold pieces
  6030 | D:6      | Bought a scroll of identify for 24 gold pieces
  6030 | D:6      | Bought a scroll of fear for 42 gold pieces
  6030 | D:6      | Bought a scroll of blinking for 90 gold pieces
  6042 | D:6      | Reached XP level 9. HP: 51/64 MP: 9/9
  6311 | D:6      | Found a glowing silver altar of Zin.
  6563 | D:6      | Found a stormy altar of Qazlal.
  6960 | D:6      | Reached skill level 8 in Fighting
  6999 | D:6      | Found a shimmering altar of Xom.
  7612 | D:7      | Reached skill level 5 in Shields
  7903 | D:7      | Reached XP level 10. HP: 61/73 MP: 10/10
  8240 | D:7      | Reached skill level 9 in Fighting
  8967 | D:8      | Found a staircase to the Lair.
  8969 | D:8      | Killed from afar by an orc priest

Vault maps used:
D:1:      dpeg_arrival_windows_large_door
D:2:      ecumenical_altar_2, first_bread, kennysheep_generic_room_2
D:3:      lemuel_doored_altar
D:4:      lemuel_coloured_pillars_altar, johnstein_pakellas_death_squad,
          temple_green, st_stairs_5, grunt_ministairs_11, grunt_qazlal_clouds,
          uniq_menkaure
D:5:      grunt_temple_overflow_opulence, nicolae_tso_carved_into_rock
D:6:      nicolae_overflow_crystal_walls, xom_confusion_cloud, basic_altar,
          serial_shops, shop_fountains, kennysheep_small_circle
D:8:      lemuel_crystal_altar, overflow_temple_1_default, minitemple,
          erik_lair_orcish_takeover, serial_shops, shop
Temple:   nicolae_temple_hex_pool

Action                   |  1- 3 |  4- 6 |  7- 9 | 10-12 || total
-------------------------+-------+-------+-------+-------++-------
Melee: War axe           |    52 |   111 |   183 |    41 ||   387
       Battleaxe         |       |       |       |    27 ||    27
Evoke: Wand              |       |     8 |       |       ||     8
  Use: Scroll            |     2 |     5 |    11 |     4 ||    22
       Potion            |       |       |     3 |     3 ||     6
 Stab: Sleeping          |     3 |     8 |     3 |     1 ||    15
       Distracted        |       |       |       |     1 ||     1
  Eat: Chunk             |     1 |     8 |     9 |     1 ||    19
       Bread ration      |       |       |     1 |     1 ||     2
